Cogmind - Beta 17 @@@ ROGUE MODE // 2026.06.28 @ 15:49:29 Player: goobie Result: Self-destructed Performance ------------- Evolutions (4) 2000 Regions Visited (6) 1200 Robots Destroyed (100) 500 Value Destroyed (3957) 3957 Prototype IDs (6) 120 Alien Tech Used (0) 0 Bonus (263) 263 TOTAL SCORE: 8040 Bonus ------- Pacifist 200 High Alert Combat Kills 63 Cogmind --------- Core Integrity 688/850 Matter 299/300 Energy 300/300 System Corruption 0% Temperature Cool (51) Movement Rolling (160) Ox4 Location -6/Factory Parts ------- > --- POWER (2) -------- Angular Momentum Engine > --- PROPULSION (4) --- Advanced Treads Compact Wheel > --- UTILITY (5) ------ Improved Cooling System High-capacity Storage Unit Advanced Visual Processing Unit > --- WEAPON (4) ------- Heavy Particle Cannon Mini Assault Cannon > --- INVENTORY (20) --- Light Deuterium Engine Carbon-fiber Leg Improved Titanium Leg Improved Heat Sink Advanced Heat Sink Advanced Heat Sink Advanced Heat Sink Improved Cooling System Advanced Targeting Computer Kinecellerator Improved Propulsion Shielding Hardened Medium Armor Plating Improved Shield Generator Improved Datajack Peak State ------------ > --- POWER ------------ Reinforced Deuterium Engine Micro Nuclear Core > --- PROPULSION ------- Carbon-fiber Leg Improved Titanium Leg Wheel Compact Wheel > --- UTILITY ---------- Improved Cooling System High-capacity Storage Unit Advanced Visual Processing Unit Improved Sensor Array Advanced Targeting Computer > --- WEAPON ----------- Gatling Laser Heavy Ion Cannon Assault Cannon Mini Assault Cannon > --- INVENTORY -------- Light Deuterium Engine Improved Heat Sink Advanced Heat Sink Advanced Heat Sink Improved Cooling System Advanced Targeting Computer Kinecellerator Improved Propulsion Shielding Hardened Medium Armor Plating Improved Shield Generator Improved EM Shotgun Heavy Laser Heavy Particle Cannon Assault Cannon Improved Datajack [Rating: 52] Favorites ----------- Power Reinforced Deuterium Engine Engine Reinforced Deuterium Engine Power Core Micro Nuclear Core Propulsion Medium Treads Treads Medium Treads Leg Improved Carbon-fiber Leg Wheel Compact Wheel Flight Unit VTOL Module Utility Advanced Visual Processing Unit Device Improved Cooling System Storage High-capacity Storage Unit Processor Advanced Visual Processing Unit Weapon Assault Rifle Energy Gun Gatling Laser Energy Cannon Heavy Particle Cannon Ballistic Gun Assault Rifle Ballistic Cannon Gauss Cannon Launcher Grenade Launcher Build | -11 -10 -10 -9 -8 -7 -6 ------- Run | Yrd Mat Min Mat Mat Fac Fac Slots Evolved 8 | . . . 2 2 2 2 Power 1 | . . . . . . 1 Propulsion 2 | . . . . 1 1 . Utility 3 | . . . 1 1 . 1 Weapon 2 | . . . 1 . 1 . Parts Attached 93 | 6 2 . 16 15 37 17 Power 13 | 1 . . 2 4 4 2 Engine 10 | 1 . . 2 2 4 1 Core 3 | . . . . 2 . 1 Reactor . | . . . . . . . Propulsion 31 | 2 . . 2 4 15 8 Treads 16 | 2 . . 2 4 7 1 Leg 6 | . . . . . 4 2 Wheel 5 | . . . . . . 5 Hover . | . . . . . . . Flight 4 | . . . . . 4 . Utility 17 | 1 2 . 5 2 4 3 Device 9 | . . . 1 2 3 3 Storage 5 | 1 1 . 2 . 1 . Processor 3 | . 1 . 2 . . . Hackware . | . . . . . . . Protection . | . . . . . . . Artifact . | . . . . . . . Weapon 32 | 2 . . 7 5 14 4 Energy Gun 9 | . . . 2 2 3 2 Energy Cannon 7 | . . . 1 1 4 1 Ballistic Gun 8 | 2 . . 3 1 2 . Ballistic Cannon 7 | . . . 1 . 5 1 Launcher 1 | . . . . 1 . . Special Weapon . | . . . . . . . Impact Weapon . | . . . . . . . Slashing Weapon . | . . . . . . . Piercing Weapon . | . . . . . . . Special Melee Weapon . | . . . . . . . Unidentified Prototypes 6 | . . . . 2 4 . Parts Lost 40 | . . . 2 8 10 20 Power 5 | . . . . 2 1 2 Propulsion 14 | . . . 1 2 6 5 Utility 4 | . . . . . 1 3 Weapon 17 | . . . 1 4 2 10 Highest Loss Streak 6 | . . . 1 3 2 6 To Critical Strikes . | . . . . . . . Average Backups 12 | 1 7 8 8 8 13 17 Power 1 | . 1 1 1 1 1 1 Propulsion . | . 2 2 1 1 . 1 Utility 4 | . . 2 1 1 5 9 Weapon 4 | . 3 3 3 3 5 4 Tool/Special . | . . . . . . . Unused Backups 19 | . 1 . 2 4 2 10 Power 3 | . . . . 2 1 . Propulsion 2 | . . . 2 . . . Utility 11 | . . . . 2 . 9 Weapon 2 | . 1 . . . 1 . Tool/Special 1 | . . . . . . 1 Average Slot Usage (%) 94 | . 97 100 99 97 94 86 Engine 7 | . 14 14 11 4 6 5 Core 1 | . . . . 4 . 5 Treads 18 | . 28 28 22 25 19 3 Leg 3 | . . . . . 5 2 Wheel 1 | . . . . . . 8 Device 6 | . . . . 8 7 12 Storage 8 | . 14 14 11 9 7 6 Processor 15 | . 11 14 21 18 15 12 Energy Gun 6 | . . . 10 2 9 2 Energy Cannon 7 | . . . 4 7 8 8 Ballistic Gun 7 | . 28 28 16 12 3 2 Ballistic Cannon 6 | . . . 2 3 7 9 Peak Build Rating 52 | 6 7 7 19 28 49 52 Average Rating 35 | 4 6 7 16 22 43 46 On Entrance 14 | . 6 7 7 17 27 40 Avg Prop Armor Cover (%) 8 | . . . . . 14 8 Naked Turns . | . . . . . . . Heaviest Build 85 | 14 14 14 26 28 77 85 Greatest Support 112 | 40 40 40 40 64 112 42 Greatest Overweight (x) 27 | . . . . . 9 27 Average Overweight (x) . | . . . . . . 2 Largest Inventory Capacity 25 | 8 25 8 25 10 20 20 Average Capacity 14 | 6 8 8 9 10 16 20 Most Carried 20 | 4 9 8 10 10 20 20 Average Carried 12 | 2 7 8 9 9 13 17 Final Capacity 20 | 8 8 8 10 10 20 20 Final Carried 20 | 4 8 8 10 9 20 14 Class Distribution -------------------- 61% | Gunner 23% | Skirmisher 7% | Mutant 7% | Scavenger-Gunner Dominant Class ---------------- Mutant | -10/Materials Mutant | -10/Mines Gunner | -9/Materials Skirmisher | -8/Materials Gunner | -7/Factory Skirmisher | -6/Factory Resources | -11 -10 -10 -9 -8 -7 -6 ----------- Run | Yrd Mat Min Mat Mat Fac Fac Matter Collected 2611 | 179 74 37 312 554 941 514 Remotely . | . . . . . . . Salvage Created 3722 | . . . 597 913 1568 644 Parts 225 | . . . 34 55 104 32 Haulers Intercepted . | . . . . . . . Recyclers Shooed 2 | . . . 1 . 1 . Parts Field Recycled . | . . . . . . . Retrieved Matter . | . . . . . . . Parts Self-Destructed . | . . . . . . . Prevented . | . . . . . . . Parts Restored . | . . . . . . . Kills | -11 -10 -10 -9 -8 -7 -6 ------- Run | Yrd Mat Min Mat Mat Fac Fac Combat Hostiles Destroyed 85 | . . . 14 19 40 12 Guns 36 | . . . 10 12 13 1 Cannons 45 | . . . 4 6 27 8 AOE 1 | . . . . 1 . . Classes Destroyed 9 | . . . 4 2 2 1 Worker 5 | . . . . 2 2 1 Builder 4 | . . . . . 3 1 Watcher 6 | . . . 1 1 3 1 Swarmer 19 | . . . 2 . 17 . Grunt 42 | . . . 8 11 15 8 Brawler 1 | . . . . . . 1 Duelist 2 | . . . . 2 . . Sentry 12 | . . . 4 6 2 . Programmer 9 | . . . . . 6 3 Best Kill Streak 7 | . . . 4 7 5 7 Combat Bots Only 6 | . . . 3 6 4 6 Max Kills in Single Turn 2 | . . . 1 1 2 2 Gunslinging . | . . . . . . . Exploded 1 | . . . . 1 . . Melee . | . . . . . . . Uniques/NPCs Destroyed . | . . . . . . . Combat | -11 -10 -10 -9 -8 -7 -6 -------- Run | Yrd Mat Min Mat Mat Fac Fac Hostile Shots Fired 570 | . . . 57 143 211 159 Missed 141 | . . . 9 38 54 40 Hits 429 | . . . 48 105 157 119 Melee 4 | . . . . 4 . . Projectile 425 | . . . 48 101 157 119 Critical Strikes 19 | . . . 2 8 5 4 Part Disruptions 1 | . . . . . . 1 Damage Taken 7139 | . . . 647 1806 2573 2113 Core 952 | . . . 68 367 355 162 Absorbed by Shields . | . . . . . . . Core Remaining (%) 73 | 100 . 100 83 33 49 . Volleys Fired 203 | . . . 31 61 78 33 Largest 4 | . . . 3 3 4 4 Hottest 269 | . . . 142 144 269 222 Shots Fired 654 | . . . 92 178 286 98 Gun 331 | . . . 72 112 119 28 Cannon 319 | . . . 20 62 167 70 Launcher 4 | . . . . 4 . . Special . | . . . . . . . Kinetic 315 | . . . 52 117 109 37 Thermal 320 | . . . 40 57 164 59 Explosive 4 | . . . . 4 . . Electromagnetic 15 | . . . . . 13 2 Robot Hit Streak 16 | . . . 10 9 16 10 Robot Miss Streak 8 | . . . 3 4 8 5 Penetration Max . | . . . . . . . Secondary Targets 1 | . . . . 1 . . Max Gunslinging Chain 1 | . . . . 1 . . Shots Hit Robots 389 | . . . 55 113 160 61 Core Hits 194 | . . . 27 48 88 31 Critical Kills 1 | . . . . . . 1 Critical Parts Destroyed 2 | . . . . 1 1 . Critical Strikes 8 | . . . 2 1 4 1 Burn 3 | . . . 2 . 1 . Meltdown 1 | . . . . . . 1 Destroy 2 | . . . . 1 1 . Blast 2 | . . . . . 2 . Melee Attacks . | . . . . . . . Impact . | . . . . . . . Slashing . | . . . . . . . Piercing . | . . . . . . . Sneak Attacks . | . . . . . . . Combat Hostiles . | . . . . . . . Follow-up Attacks . | . . . . . . . Damage Inflicted 9071 | . . . 898 2245 4089 1839 Guns 3945 | . . . 701 1013 1631 600 Cannons 4430 | . . . 197 767 2363 1103 Explosions 682 | . . . . 465 81 136 Melee . | . . . . . . . Ramming 14 | . . . . . 14 . Kinetic 3284 | . . . 446 1082 1288 468 Thermal 5060 | . . . 452 698 2575 1335 Explosive 465 | . . . . 465 . . Electromagnetic 248 | . . . . . 212 36 Impact . | . . . . . . . Slashing . | . . . . . . . Piercing . | . . . . . . . Highest Corruption 4 | . . . . . 4 . Average Corruption 2 | . . . . . 2 . Corruption Purged . | . . . . . . . Corruption Blocked . | . . . . . . . Effects 47 | . . . . . 47 . Message Errors 5 | . . . . . 5 . Matter Fused 13 | . . . . . 13 . Heat Flow Errors 7 | . . . . . 7 . Energy Discharges 6 | . . . . . 6 . Parts Rejected 1 | . . . . . 1 . Parts Fused 1 | . . . . . 1 . Data Loss (minor) 5 | . . . . . 5 . Data Loss (major) 3 | . . . . . 3 . Misfires 2 | . . . . . 2 . Alerts 3 | . . . . . 3 . Weapon Failures 1 | . . . . . 1 . Overload Shots . | . . . . . . . Overflow Damage 194 | . . . 5 26 150 13 Projectiles 120 | . . . 5 26 76 13 Explosions 74 | . . . . . 74 . Melee . | . . . . . . . Knockbacks 19 | . . . 1 . 13 5 Impact . | . . . . . . . Kinetic 18 | . . . 1 . 12 5 Secondary 1 | . . . . . 1 . Self-Inflicted Damage 344 | . . . . 114 176 54 Shots 8 | . . . . 3 4 1 Rammed 2 | . . . . . 2 . Targets Rammed 3 | . . . . . 3 . Kicked 1 | . . . . . 1 . Crushed . | . . . . . . . Highest Temperature 512 | . . . 365 480 512 457 Average Temperature 147 | . . . 137 129 170 121 Received Heat Transfer 2473 | . . . 291 936 426 820 Effects 17 | . . . 2 8 7 . Shutdowns 2 | . . . 1 1 . . Energy Bleed 4 | . . . 1 1 2 . Short Circuit 1 | . . . . . 1 . Damage (minor) 5 | . . . . 2 3 . Damage (major) 5 | . . . . 4 1 . Siege Activations . | . . . . . . . Martial Activations . | . . . . . . . Shielding Activations . | . . . . . . . Robots Disrupted . | . . . . . . . Combat Hostiles . | . . . . . . . Robots Corrupted . | . . . . . . . Combat Hostiles . | . . . . . . . Parts Fried . | . . . . . . . Impact Corruptions . | . . . . . . . Robots Melted 3 | . . . . . . 3 Combat Hostiles 3 | . . . . . . 3 Parts Melted 15 | . . . 1 1 7 6 Heat Transferred 9412 | . . . 1110 1332 4707 2263 Parts Sabotaged . | . . . . . . . Parts Stolen . | . . . . . . . Parts Stripped . | . . . . . . . Power Chain Reactions 3 | . . . . . 2 1 Alert | -11 -10 -10 -9 -8 -7 -6 ------- Run | Yrd Mat Min Mat Mat Fac Fac Maximum Alert Level 2 | . . . . 1 2 1 Low Security (%) 55 | 100 100 100 100 22 38 85 Level 1 33 | . . . . 77 40 14 Level 2 11 | . . . . . 21 . Level 3 . | . . . . . . . Level 4 . | . . . . . . . Level 5 . | . . . . . . . High Security . | . . . . . . . Max Security . | . . . . . . . Peak Influence 565 | . . . 128 363 565 275 Initial 275 | . . . . 43 132 275 Average 193 | . . . 42 237 256 152 Influence Increases 2834 | . . . 420 726 1272 416 Destroy 0b10 Robot/C 1700 | . . . 280 380 800 240 Destroy 0b10 Robot/NC 75 | . . . 5 15 40 15 Destroy Leader 442 | . . . 92 112 176 62 Successful Hack 49 | . . . 11 . 14 24 Disable Machine 195 | . . . . 75 120 . Destroy Structure 163 | . . . 2 84 62 15 Lose Combat Pursuer 210 | . . . 30 60 60 60 Influence Decreases 2783 | . . . 316 539 1000 928 Entered New Map 508 | . . . . 61 159 288 Time Decay 1875 | . . . 296 398 741 440 Lost Part 400 | . . . 20 80 100 200 Squads Dispatched 22 | . . . 1 4 10 7 Investigation 4 | . . . . . 2 2 Extermination 9 | . . . . . 6 3 Reinforcement 6 | . . . 1 1 2 2 Assault . | . . . . . . . Garrison 3 | . . . . 3 . . Intercept . | . . . . . . . Searches Triggered . | . . . . . . . Construction Impeded 1 | . . . . . . 1 Haulers Reinforced . | . . . . . . . Active Scanning Responses . | . . . . . . . Cargo Convoy Interrupts . | . . . . . . . Stealth | -11 -10 -10 -9 -8 -7 -6 --------- Run | Yrd Mat Min Mat Mat Fac Fac Distress Signals 9 | . 1 . 2 3 . 3 Communications Jammed . | . . . . . . . Distress Signals . | . . . . . . . Times Spotted 137 | . . . 20 27 60 30 Peak Tracking Total 9 | . . . 4 6 4 9 Tactical Retreats 8 | . . . 2 2 2 2 Traps | -11 -10 -10 -9 -8 -7 -6 ------- Run | Yrd Mat Min Mat Mat Fac Fac Traps Triggered 7 | . . . . . 5 2 Indirectly . | . . . . . . . Trap Hack Attempts . | . . . . . . . Triggered . | . . . . . . . Disarmed 6 | . . . 6 . . . Reprogrammed . | . . . . . . . Reused . | . . . . . . . Traps Extracted . | . . . . . . . Installed . | . . . . . . . Triggered . | . . . . . . . Machines | -11 -10 -10 -9 -8 -7 -6 ---------- Run | Yrd Mat Min Mat Mat Fac Fac Machines Disabled 13 | . . . . 5 8 . Max in Single Turn 4 | . . . . 1 4 . Garrison Access 1 | . . . . . 1 . Machines Repaired . | . . . . . . . Machines Dismantled . | . . . . . . . Machines Sabotaged . | . . . . . . . Overloaded Fab Kills . | . . . . . . . Hacking | -11 -10 -10 -9 -8 -7 -6 --------- Run | Yrd Mat Min Mat Mat Fac Fac Machines Accessed 19 | . 1 . 3 3 9 3 Terminals 17 | . 1 . 3 3 7 3 Fabricators 1 | . . . . . 1 . Repair Stations . | . . . . . . . Recycling Units . | . . . . . . . Scanalyzers . | . . . . . . . Garrison Access 1 | . . . . . 1 . Total Hacks 49 | . 2 . 12 9 18 8 Successful 20 | . 1 . 5 5 5 4 Failed 29 | . 1 . 7 4 13 4 Catastrophic 4 | . . . . . 4 . Database Lockouts . | . . . . . . . Manual . | . . . . . . . Terminals 47 | . 2 . 12 9 16 8 Fabricators 1 | . . . . . 1 . Repair Stations . | . . . . . . . Recycling Units . | . . . . . . . Scanalyzers . | . . . . . . . Garrison Access 1 | . . . . . 1 . Terminal Hacks 19 | . 1 . 5 5 4 4 Record 1 | . . . . . 1 . Branch Access Points 1 | . . . . . . 1 Emergency Access Points 4 | . 1 . . 1 2 . Alert Level 1 | . . . 1 . . . Locate Traps 3 | . . . 1 . 1 1 Disarm Traps 1 | . . . 1 . . . Dispatch Records 1 | . . . . . . 1 Maintenance Status 2 | . . . . 1 . 1 Security Status 2 | . . . 1 1 . . Transport Status 1 | . . . . 1 . . Hauler Manifests 1 | . . . 1 . . . Zone Layout 1 | . . . . 1 . . Fabricator Hacks . | . . . . . . . Repair Station Hacks . | . . . . . . . Recycling Unit Hacks . | . . . . . . . Scanalyzer . | . . . . . . . Garrison Access Hacks 1 | . . . . . 1 . Seal Access 1 | . . . . . 1 . Unauthorized Hacks . | . . . . . . . Terminals . | . . . . . . . Fabricators . | . . . . . . . Repair Stations . | . . . . . . . Recycling Units . | . . . . . . . Scanalyzers . | . . . . . . . Garrison Access . | . . . . . . . Data Cores Recovered . | . . . . . . . Used . | . . . . . . . Hacking Detections 16 | . 1 . 3 3 7 2 Full Trace Events 4 | . . . . 1 2 1 Feedback Events . | . . . . . . . Feedback Blocked . | . . . . . . . Robot Schematics Acquired . | . . . . . . . Robots Built . | . . . . . . . Authchips . | . . . . . . . Time . | . . . . . . . Total Robot Build Rating . | . . . . . . . Part Schematics Acquired . | . . . . . . . Parts Built . | . . . . . . . Authchips . | . . . . . . . Time . | . . . . . . . Total Part Build Rating . | . . . . . . . Part Studies Acquired . | . . . . . . . Parts Repaired . | . . . . . . . Time . | . . . . . . . Parts Recycled . | . . . . . . . Recycled Matter . | . . . . . . . Retrieved Matter . | . . . . . . . Retrieved Components . | . . . . . . . Parts Scanalyzed . | . . . . . . . Part Schematics Acquired . | . . . . . . . Parts Damaged . | . . . . . . . Bothacking | -11 -10 -10 -9 -8 -7 -6 ------------ Run | Yrd Mat Min Mat Mat Fac Fac Used RIF Installer . | . . . . . . . Robots Hacked . | . . . . . . . Non-combat . | . . . . . . . Combat . | . . . . . . . Robot Hacks Applied . | . . . . . . . Relay Couplers Released . | . . . . . . . Fabnet Peak Effective % . | . . . . . . . Robots Rewired . | . . . . . . . Allies Hacked . | . . . . . . . Hacks Repelled . | . . . . . . . Allies | -11 -10 -10 -9 -8 -7 -6 -------- Run | Yrd Mat Min Mat Mat Fac Fac Total Allies . | . . . . . . . Largest Group . | . . . . . . . Highest-Rated Group . | . . . . . . . Highest-Rated Ally . | . . . . . . . Total Orders . | . . . . . . . Ally Attacks . | . . . . . . . Total Damage . | . . . . . . . Kills . | . . . . . . . Allies Corrupted . | . . . . . . . Allies Melted . | . . . . . . . Intel | -11 -10 -10 -9 -8 -7 -6 ------- Run | Yrd Mat Min Mat Mat Fac Fac Active Infowar (turns) 6763 | . . . 919 956 3806 1082 Optics 6753 | . . . 909 956 3806 1082 Sensors 1810 | . . . . 742 . 1068 Terrain 10 | . . . 10 . . . Robot Analysis Total . | . . . . . . . Derelict Logs Recovered . | . . . . . . . Drone Launches . | . . . . . . . Drone Recoveries . | . . . . . . . Exploration | -11 -10 -10 -9 -8 -7 -6 ------------- Run | Yrd Mat Min Mat Mat Fac Fac Turns Passed 7265 | 70 177 255 919 956 3806 1082 Spaces Moved 3576 | 37 105 154 456 441 1921 462 Core 5 | 4 . . . . . 1 Treads 2849 | 33 105 154 456 441 1517 143 Legs 402 | . . . . . 402 . Wheels 318 | . . . . . . 318 Hover . | . . . . . . . Flight 2 | . . . . . 2 . Fastest Speed 50 | 50 160 160 160 150 120 101 Average Speed 165 | 148 160 160 160 154 164 186 Slowest Speed 1400 | 160 160 160 160 160 792 1400 Overloaded Moves . | . . . . . . . Propulsion Burnouts . | . . . . . . . Robots Hopped . | . . . . . . . Potential Cave-ins . | . . . . . . . Cave-ins Triggered . | . . . . . . . Exploration Rate (%) 29 | 3 26 33 42 39 48 15 Regions Visited 6 Branch Regions 1 Pre-discovered Areas . | . . . . . . . Known Exits Taken . | . . . . . . . Unknown Exits Taken 6 | 1 1 1 1 1 1 . Scrap Searched 1 | . . 1 . . . . Spaces Dug . | . . . . . . . Terrain Destroyed 155 | . . . . 88 51 16 Melee . | . . . . . . . Projectile 28 | . . . . . 19 9 AOE 127 | . . . . 88 32 7 Terrain Rammed . | . . . . . . . Walls Destroyed . | . . . . . . . Machines Disabled . | . . . . . . . Actions | -11 -10 -10 -9 -8 -7 -6 --------- Run | Yrd Mat Min Mat Mat Fac Fac Total 4465 | 52 115 163 581 582 2367 605 Wait 427 | . . 10 54 34 254 75 Move 3570 | 36 104 153 455 440 1920 462 Hop . | . . . . . . . Pick Up 94 | 10 6 . 11 16 38 13 Fast Attach 14 | . . . . 2 12 . Attach 59 | 6 1 . 4 10 18 20 Detach 2 | . . . . . 1 1 Swap 42 | . 2 . 13 8 18 1 Drop 51 | . 2 . 13 11 25 . Fire 203 | . . . 31 61 78 33 Melee . | . . . . . . . Ram . | . . . . . . . Kick 1 | . . . . . 1 . Crush 2 | . . . . . 2 . Escape Stasis . | . . . . . . . Rewire . | . . . . . . . Trap . | . . . . . . . Miscellaneous . | . . . . . . . Route ------- -11/Scrapyard -10/Materials -10/Mines -9/Materials (discovered 2 exits: *Mat / [*Sto]) -8/Materials -7/Factory (discovered 2 exits: *Fac / [*Low]) -6/Factory (discovered 4 exits: Low x2 / Ext x2) History --------- Turn | Location | Event 24 | -11/Scrapyard | Discovered new exit (range 15) 71 | -11/Scrapyard | Entered Materials 72 | -10/Materials | Met a group of wandering Federalists 183 | -10/Materials | Discovered new exit (range 11) 248 | -10/Materials | Entered Mines 263 | -10/Mines | Met a Derelict bent on vengeance 284 | -10/Mines | Discovered new exit (range 13) 306 | -10/Mines | Build established: Mutant 503 | -10/Mines | Entered Materials 503 | -9/Materials | Evolved 2 slots: Utility x1, Weapon x1 1077 | -9/Materials | Build established: Scavenger-Gunner 1368 | -9/Materials | Discovered new exit (range 18) 1389 | -9/Materials | Discovered new exit (range 10) 1394 | -9/Materials | Build established: Gunner 1422 | -9/Materials | Entered another Materials area 1422 | -8/Materials | Evolved 2 slots: Propulsion x1, Utility x1 1522 | -8/Materials | Garrison activated, responded to threat 1978 | -8/Materials | Core integrity fell below 50% 1997 | -8/Materials | Lost 3 parts (1p2w) 2290 | -8/Materials | Discovered new exit (range 16) 2378 | -8/Materials | Entered Factory 2378 | -7/Factory | Evolved 2 slots: Propulsion x1, Weapon x1 5976 | -7/Factory | Core integrity fell below 50% 6039 | -7/Factory | Discovered new exit (range 6) 6111 | -7/Factory | Discovered new exit (range 8) 6184 | -7/Factory | Entered another Factory area 6184 | -6/Factory | Evolved 2 slots: Power x1, Utility x1 6425 | -6/Factory | Identified exit to Lower Caves 6425 | -6/Factory | Identified exit to Extension 6491 | -6/Factory | Build established: Skirmisher 6703 | -6/Factory | Lost 5 parts (1n1u3w) 7032 | -6/Factory | Lost 4 parts (4w) 7252 | -6/Factory | Lost 5 parts (2p1n2w) 7266 | -6/Factory | Self-destructed Last Messages --------------- 07252_ ALERT: Suspicious intruders detected, dispatching Specialist reinforcements to area. 07252_ K-01 Serf collects debris. 07253_ Imp. Sensor Array destroyed. 07253_ Com. Wheel destroyed. 07254_ Acquired Wheel. 07254_ Critical hit (Burn: +50). 07255_ K-01 Serf collects debris. 07255_ Adv. Targeting Computer destroyed. 07256_ K-01 Serf collects debris. 07256_ Acquired Wheel. 07258_ K-01 Serf collects debris. 07259_ Acquired 21 matter. 07261_ K-01 Serf destroyed. 07261_ Critical hit (Burn: +37). 07262_ K-01 Serf collects debris. 07264_ Wheel destroyed. 07264_ Hvy. Laser destroyed. 07265_ K-01 Serf collects debris. 07266_ R-10 Processor collects Wheel. Map ----- +----------------------------------------------------+ | ?????#"" """""" # #?????????????????? | | ?????# """""" ###/########/#?????????????????? | | ?????# """""" #???# #?????????????????? | | ?????+ """""" #???# #?????????????????? | | ?????# #???# #?????????????????? | | ?????# ** ##### #?????????????????? | | ?????#! * H #?????????????????? | | ?????#########+##### #?????????????????? | | ???????# #??# #?????????????????? | | ???????# #??# +?????????????????? | | ???????# #??# ##### #?????????????????? | | ???????# """" #??# #???? #?????????????????? | | ???????# """" #### #???? ??????????????????? | | ???????# """" + #???? ??????????????????? | | ???????# """" ######/####### ??????????????????? | | ???????# # g # ??????????????????? | | ???????# # ggR #/??????????????????? | | ???????########## # ??????????????????? | | ????????????????# k # ??????????????????? | | ????????????????# gg # ??????????????????? | | ????????????????# #???????????????????? | | ????????????????# #???????????????????? | | ????????????????# k #???????????????????? | | ????????????????# R #???????????????????? | | ????????????????# kk! #???????????????????? | | ????????????????# @%! #???????????????????? | | ????????????????# R% #???????????????????? | | ????????????????########Y#####???????????????????? | | ???????????????????????# #?? ???????????????????? | | ???????????????????????# #?? ???????????????????? | | ???????????????????????# #??? ??????????????????? | | ???????????????????????#H#??? ??????????????????? | | ???????????????????????# #??? ?????????????????? | | ???????????????????????# #????##?????????????????? | | ??????????????????????? ???????????????????????? | | ??????????????????????? ???????????????????????? | | ??????????????????????? ???????????????????????? | | ??????????????????????? ???????????????????????? | | ??????????????????????? ???????????????????????? | | ??????????????????????? ???????????????????????? | | ??????????????????????? ???????????????????????? | | ??????????????????????? ???????????????????????? | | ??????????????????????? ???????????????????????? | | ??????????????????????? ???????????????????????? | | ?????????????????????????????????????????????????? | | ?????????????????????????????????????????????????? | | ?????????????????????????????????????????????????? | | ?????????????????????????????????????????????????? | | ?????????????????????????????????????????????????? | | ?????????????????????????????????????????????????? | +----------------------------------------------------+ Best States ------------- Heat Dissipation 64 Coolant Potential 65 Energy Generation 26 Energy Capacity 340 Matter Stores 300 Matter Capacity 300 Sight Range 20 Robot Scan Range 15 Terrain Scan Range 14 Terrain Scan Density 10 Base Temperature (-) 100 Evasion (%) 55 Targeting Accuracy 8 Recoil Reduction 4 Item Schematics ----------------- None Robot Schematics ------------------ None Fabricated ------------ Nothing Repaired ---------- Nothing Studied --------- None Alien Tech Used ----------------- None Achievements -------------- None Challenges ------------ None Game ------ Seed TransdimensionalThunderJets Manual? 0 Play Time 01:11:20 Cumulative 24.7 hours Start 2026.06.28 @ 10:10:41 End 2026.06.28 @ 15:49:29 Sessions 3 Manual Loads 0 Difficulty Rogue Special Mode None Game No. 34 Rogue 6 Adventurer 28 Explorer 0 Win Type - Total 0 Types 0/0/0/0/0/0/0/0/0/0 Lore% 13 Gallery% 20 Achievement% 16 Wizard Run 0 Options --------- Layout 1 ASCII 0 Keyboard 0 Movement Mouse Keybinds 0 Fullscreen 1 Font 24/Smallcaps Map View 50x35 Zoom Use 0% Tactical HUD 1 Map Filters NONE Filters NONE Steam 1 RUN: fe04f171-0426-4940-a942-390ed4b9412c